 Dungeon Crawl Stone Soup version 0.17.1-3-g152610e (webtiles) character file.

777 Grim the Jinx (level 7, 0/32 HPs)
             Began as a Spriggan Enchanter on Feb 25, 2016.
             Slain by Gargoyl's ghost (9 damage)
             ... on level 4 of the Dungeon.
             The game lasted 00:11:29 (4099 turns).

Grim the Jinx (Spriggan Enchanter)                  Turns: 4099, Time: 00:11:29

Health: 0/32       AC:  4    Str:  4    XL:     7   Next: 54%
Magic:  6/12       EV: 18    Int: 19    God:
Gold:   177        SH:  0    Dex: 16    Spells: 2 memorised, 7 levels left

rFire  . . .     SeeInvis +     s - +0 dagger (flame)
rCold  . . .     Clarity  .     b - +1 robe
rNeg   . . .     SustAt   .     (shield restricted)
rPois  .         Gourm    .     (helmet restricted)
rElec  .         Spirit   .     q - +0 cloak
rCorr  .         Warding  .     (gloves unavailable)
rMut   .         Stasis   .     (boots unavailable)
MR     +....                    (no amulet)
Stlth  ++++......               (no ring)
                                (no ring)

@: very quick, somewhat resistant to hostile enchantments, stealthy
A: unfitting armour, see invisible, herbivore 3, speed 3, slow metabolism 2
a: no special abilities


You were on level 4 of the Dungeon.
You were not hungry.

You visited 1 branch of the dungeon, and saw 4 of its levels.

You collected 177 gold pieces.

Inventory:

Hand Weapons
 a - a +1 dagger
 s - a +0 dagger of flaming (weapon)
Missiles
 k - a throwing net (quivered)
Armour
 b - a +1 robe (worn)
 q - a +0 cloak (worn)
 t - a +0 buckler
Jewellery
 l - a cursed ring of loudness {unknown}
 r - an uncursed ring of see invisible {unknown}
 y - an uncursed amulet of resist mutation {unknown}
 A - an uncursed amulet of clarity {unknown}
Wands
 u - a wand of confusion (12)
Scrolls
 e - a scroll of enchant armour {unknown}
 g - a scroll of amnesia {unknown}
 h - a scroll of enchant weapon {unknown}
 i - 2 scrolls of identify {unknown}
 j - 4 scrolls of remove curse {unknown}
 n - 3 scrolls of fear {unknown}
 w - 2 scrolls of teleportation {unknown}
 z - a scroll of immolation {unknown}
Potions
 f - 4 potions of curing {unknown}
 o - a potion of beneficial mutation {unknown}
 p - 2 potions of flight {unknown}
 v - a potion of lignification {unknown}
 x - a potion of heal wounds {unknown}
Books
 c - a book of Maledictions

   Spells                             Type                      Level
   a - Corona                         Hexes                        1
   b - Ensorcelled Hibernation        Hexes/Ice                    2
   c - Confuse                        Hexes                        3
   d - Tukima's Dance                 Hexes                        3
   e - Dazzling Spray                 Conjuration/Hexes            3
Comestibles
 d - 4 bread rations
 m - 3 fruits


   Skills:
 - Level 3.0 Short Blades
 - Level 3.0 Dodging
 + Level 7.8 Stealth
 - Level 2.6 Spellcasting
 * Level 9.0 Hexes


You had 7 spell levels left.
You knew the following spells:

 Your Spells              Type           Power        Failure   Level  Hunger
a - Corona                Hex            #####..      1%          1    None
b - Confuse               Hex            #####...     1%          3    ###....


Dungeon Overview and Level Annotations

Branches:
Dungeon (4/15)
 Temple: D:4-7

Altars:
Gozag
Sif Muna

Annotations:
D:4 Gargoyl's ghost, amateur DsAK


Innate Abilities, Weirdness & Mutations

You are tiny and cannot use many weapons and most armour.
You have supernaturally acute eyesight.
You are a herbivore.
You cover ground extremely quickly.
You need consume almost no food.


Message History

You strike the helpless Pikel from behind!
You puncture Pikel! You burn Pikel!
You kill Pikel!
Your Stealth skill gained 2 levels and is now at level 7!
Your Hexes skill gained 2 levels and is now at level 9!
You have reached level 7!
With Pikel's spell broken, the former slaves thank you for their freedom.
The freed slave hits Gargoyl's ghost but does no damage.
Casting: Confuse
Confirm with . or Enter, or press ? or * to list all spells.
Aiming: Confuse
Press: ? - help, Shift-Dir - straight line, f - Gargoyl's ghost
Aim: Gargoyl's ghost (chance to defeat MR: 59%) Gargoyl's ghost appears confused.
You hit Gargoyl's ghost but do no damage.
Gargoyl's ghost hits you.
* * * LOW HITPOINT WARNING * * *
You hit Gargoyl's ghost but do no damage.
Gargoyl's ghost hits you!
You die...

.♣♣♣...♣♣♣P..♣♣♣
P.......P..P.P.....P #.
................... #.P
......PP.P...P..... #.P
♣...♣ ♣..P♣♣♣P.P♣♣♣ #?P
♣..P♣ ♣...♣ ♣...♣ ♣
#.P♣♣♣.pP♣♣♣P..♣♣♣..P♣♣♣
#...PP.p.............P..
####......@................
........#.W..............#.
........####p..............
........##.....#......##...
........##.#...####..#.W...
...........##....##........
######.........#...........
###..##...#........#..
#...<..##<..W......###


You could see Gargoyl's ghost (confused) and 3 neutral freed slaves.

Vanquished Creatures
  Pikel (D:4)
  A phantom (D:4)
  A slave (D:3)
  Ijyb (D:2)
  An orc priest (D:3)
  2 worker ants (D:4)
  An adder (D:3)
  3 gnolls
  2 worms
  2 giant geckos (D:3)
  5 orcs (D:3)
  A ball python (D:3)
  5 giant cockroaches
  4 goblins
  9 hobgoblins
  2 quokkas
  10 bats
  6 giant newts
  8 jackals
  12 kobolds
  7 rats
84 creatures vanquished.

Notes
Turn   | Place    | Note
--------------------------------------------------------------
     0 | D:1      | Grim the Spriggan Enchanter began the quest for the Orb.
     0 | D:1      | Reached XP level 1. HP: 9/9 MP: 5/5
   568 | D:1      | Reached XP level 2. HP: 13/13 MP: 6/6
  1350 | D:2      | Reached XP level 3. HP: 16/16 MP: 6/8
  1817 | D:1      | Learned a level 3 spell: Confuse
  2168 | D:2      | Reached skill level 5 in Hexes
  2168 | D:2      | Reached XP level 4. HP: 21/21 MP: 5/9
  2305 | D:2      | Noticed Ijyb
  2323 | D:2      | Killed Ijyb
  2500 | D:2      | Found an opulent altar of Gozag.
  2500 | D:2      | Found a deep blue altar of Sif Muna.
  3160 | D:3      | Reached skill level 6 in Hexes
  3160 | D:3      | Reached XP level 5. HP: 24/24 MP: 2/10
  3559 | D:4      | Reached skill level 5 in Stealth
  3596 | D:4      | Noticed a phantom
  3621 | D:4      | Killed a phantom
  3621 | D:4      | Reached skill level 7 in Hexes
  3621 | D:4      | Reached XP level 6. HP: 28/28 MP: 3/11
  3708 | D:4      | Noticed a slave
  3711 | D:4      | Noticed a slave
  3712 | D:4      | Noticed Pikel
  3713 | D:4      | Noticed Gargoyl's ghost (amateur DsAK)
  3714 | D:4      | Noticed a slave
  3714 | D:4      | Noticed a slave
  3768 | D:3      | Killed a slave
  4096 | D:4      | Killed Pikel
  4096 | D:4      | Reached skill level 9 in Hexes
  4096 | D:4      | Reached XP level 7. HP: 13/32 MP: 8/12
  4099 | D:4      | Slain by Gargoyl's ghost

Action                   |  1- 3 |  4- 6 |  7- 9 || total
-------------------------+-------+-------+-------++-------
Melee: Dagger            |   131 |   126 |     2 ||   259
 Cast: Corona            |    32 |     7 |       ||    39
       Confuse           |     5 |    24 |     1 ||    30
 Stab: Sleeping          |     5 |    10 |       ||    15
       Confused          |     3 |    19 |       ||    22
  Eat: Bread ration      |       |     1 |       ||     1
